Map: 10000 Feet LE

Players

Kelazhur - Winner!

  • Race: Terran Terran
  • League: Master
  • Spawn Location: 5:00

ratgameplay (uThermal)

  • Race: Terran Terran
  • League: Master
  • Spawn Location: 11:00

VOD

Have the link to the VOD?

Description

Time

  • Played on: Jan. 30, 2026, 6:35 a.m.
  • Length: 10:22
Show
View Real Time Build Order
Export as new Build Order

Kelazhur Terran - Winner!

Build Orders: Cyclone Opening 

Get SALT Encoding   

  12  0:00  SCV  
  13  0:12  SCV  
  14  0:17  Supply Depot  
  14  0:24  SCV  
  15  0:38  SCV  
  15  0:40  Barracks  
  16  0:43  Refinery  
  16  0:50  SCV  
  16  0:52  Refinery  
  17  1:02  SCV  
  18  1:14  SCV  
  19  1:27  Orbital Command, Reaper  
  19  1:31  Supply Depot  
  20  1:40  Factory  
  20  1:53  SCV  
  21  1:59  Reaper  
  22  2:05  SCV  
  23  2:15  Command Center  
  23  2:17  SCV  
  24  2:23  Factory Tech Lab  
  24  2:26  Supply Depot  
  24  2:29  SCV  
  25  2:35  Barracks Reactor  
  25  2:41  SCV  
  26  2:48  Cyclone  
  29  2:54  SCV  
  29  2:57  Barracks  
  30  3:06  SCV  
  31  3:18  Marine x2, SCV  
  32  3:20  Cyclone  
  35  3:30  Starport  
  35  3:32  Orbital Command  
  35  3:37  Marine x2  
  35  3:40  SCV  
  38  3:44  Marine  
  38  3:46  Refinery  
  39  3:52  SCV  
  40  3:57  Marine x2  
  40  4:01  Siege Tank  
  45  4:03  SCV  
  45  4:06  Medivac  
  45  4:09  SCV  
  49  4:14  Supply Depot  
  49  4:17  SCV  
  49  4:22  Marine x2  
  49  4:23  Barracks Tech Lab  
  53  4:24  SCV  
  53  4:29  Supply Depot  
  53  4:34  SCV  
  53  4:36  SCV  
  55  4:40  Siege Tank  
  55  4:42  Stimpack, Marine x2  
  55  4:43  Marine  
  61  4:46  SCV  
  61  4:51  SCV  
  63  4:54  Supply Depot  
  63  5:02  SCV  
  63  5:03  SCV  
  63  5:05  Marine x3  
  68  5:14  Supply Depot, SCV  
  68  5:21  Siege Tank  
  64  5:30  Marine x2, SCV  
  63  5:39  SCV  
  63  5:41  Marine  
  60  5:44  SCV  
  60  5:47  Liberator, Marine  
  60  5:48  Marine  
  66  5:51  SCV  
  66  5:56  SCV  
  65  5:59  Marine  
  65  6:03  SCV  
  64  6:05  Siege Tank, Marine  
  64  6:06  Marine  
  64  6:08  SCV  
  64  6:10  Command Center  
  70  6:15  SCV  
  70  6:16  Marine  
  66  6:20  SCV  
  66  6:21  Refinery  
  67  6:27  Combat Shield, Marine, SCV  
  67  6:28  Marine  
  67  6:31  Starport Reactor  
  67  6:32  SCV  
  71  6:33  Barracks  
  71  6:38  Marauder  
  74  6:40  SCV, Siege Tank  
  74  6:44  SCV  
  78  6:48  Barracks  
  78  6:49  Supply Depot  
  78  6:50  Barracks, Marine  
  78  6:51  Engineering Bay  
  78  6:52  SCV  
  80  6:58  SCV  
  80  7:00  Marine, Marauder  
  84  7:04  SCV  
  84  7:06  Supply Depot  
  85  7:10  SCV  
  85  7:11  Marine, Medivac x2  
  89  7:16  SCV  
  89  7:20  Marine  
  89  7:22  Marauder  
  84  7:23  SCV  
  84  7:25  Marine  
  84  7:28  SCV, Marine  
  82  7:35  SCV  
  82  7:36  Orbital Command  
  83  7:40  SCV  
  83  7:43  Marauder  
  86  7:47  SCV  
  86  7:50  Marine x2  
  86  7:51  Marine  
  81  7:53  Marine  
  81  7:57  Medivac  
  81  7:58  Medivac  
  77  8:00  Marine  
  77  8:01  Terran Infantry Weapons Level 1  
  77  8:04  SCV  
  77  8:05  Marauder  
  81  8:08  Marine x2  
  81  8:10  Marine x2  
  85  8:13  Supply Depot  
  85  8:17  Marine  
  86  8:22  Siege Tank  
  86  8:26  Marine x2, Marauder  
  93  8:28  Marine x2  
  93  8:30  Orbital Command  
  93  8:31  Viking  
  93  8:32  Viking  
  99  8:35  Marine  
  99  8:40  SCV  
  101  8:43  Marine  
  101  8:46  Marine  
  101  8:47  Marine, Marauder  
  106  8:54  Supply Depot  
  107  8:58  Concussive Shells  
  107  8:59  Barracks Tech Lab, Barracks Reactor  
  107  9:00  SCV  
  107  9:01  SCV  
  108  9:05  Marine x2  
  108  9:09  Marauder  
  109  9:12  SCV  
  109  9:13  SCV, Marine  
  109  9:16  SCV  
  107  9:22  Marine x2  
  107  9:23  Marauder  
  101  9:25  SCV x2  
  101  9:28  SCV  
  101  9:30  Marauder, Marine  
  103  9:37  SCV x2  
  104  9:39  Armory  
  104  9:40  SCV, Marine x3  
  104  9:44  Marine, Medivac  
  104  9:45  Medivac  
  113  9:46  Marine  
  113  9:48  Marine  
  113  9:51  Marauder  
  117  9:58  Marine x3, SCV x2  
  117  9:59  SCV  
  123  10:01  Command Center  
  123  10:02  Supply Depot  
  120  10:08  Engineering Bay  
  120  10:10  SCV  
Show
View Real Time Build Order
Export as new Build Order

ratgameplay Terran 

Build Orders: Gas First Reaper Expand, Hellion Opening 

Get SALT Encoding   

  12  0:00  SCV  
  13  0:12  SCV  
  14  0:17  Supply Depot  
  14  0:24  SCV  
  14  0:27  Refinery  
  15  0:38  SCV  
  16  0:45  Barracks  
  16  0:50  SCV  
  17  1:03  SCV  
  18  1:15  SCV  
  19  1:32  Reaper, Orbital Command  
  20  1:41  Command Center  
  20  1:52  Factory  
  20  1:58  SCV  
  21  2:05  Supply Depot  
  21  2:06  Barracks Reactor  
  21  2:10  SCV  
  22  2:22  SCV  
  23  2:34  SCV  
  24  2:39  Command Center  
  24  2:45  Hellion  
  24  2:48  Hellion  
  28  2:56  Orbital Command  
  28  3:00  SCV  
  27  3:07  Hellion  
  27  3:12  SCV, Hellion  
  32  3:22  Starport  
  32  3:23  SCV  
  32  3:26  SCV  
  34  3:29  Refinery  
  34  3:34  Hellion  
  36  3:36  SCV  
  36  3:40  Hellion  
  39  3:42  Barracks Tech Lab  
  39  3:44  SCV  
  39  3:48  SCV  
  41  3:58  SCV  
  41  4:00  SCV  
  43  4:08  Hellion x2  
  49  4:10  SCV  
  49  4:12  Viking  
  49  4:13  Orbital Command  
  49  4:14  SCV  
  51  4:21  Barracks Tech Lab  
  51  4:22  SCV  
  51  4:23  Supply Depot  
  52  4:25  Factory  
  52  4:26  SCV  
  52  4:29  Hellion  
  55  4:32  Hellion  
  55  4:36  Supply Depot  
  55  4:38  SCV  
  58  4:40  SCV x2  
  58  4:45  Raven  
  62  4:51  SCV  
  62  4:52  SCV  
  62  4:53  Supply Depot, Hellion  
  62  4:57  Hellion  
  66  5:01  SCV  
  66  5:02  Supply Depot  
  66  5:04  Interference Matrix, SCV  
  66  5:05  SCV  
  69  5:13  SCV  
  69  5:16  Hellion, SCV  
  69  5:18  SCV, Hellion  
  69  5:19  Raven  
  69  5:21  Hellion  
  78  5:25  SCV  
  74  5:28  SCV  
  74  5:30  SCV  
  68  5:37  Hellion, SCV  
  68  5:40  Hellion, SCV  
  68  5:42  SCV, Hellion  
  64  5:50  SCV  
  64  5:53  SCV, Raven  
  61  5:58  Hellion  
  61  6:01  Hellion  
  61  6:02  SCV  
  61  6:04  Hellion  
  63  6:06  Marine  
  63  6:07  SCV x2  
  66  6:14  SCV  
  64  6:19  SCV  
  64  6:20  Hellion, Infernal Pre-Igniter  
  64  6:22  Hellion  
  64  6:24  SCV  
  64  6:25  Hellion  
  72  6:26  SCV  
  72  6:27  Raven  
  72  6:31  Refinery, SCV  
  72  6:32  Marine, Refinery  
  77  6:36  SCV  
  77  6:38  Refinery x2  
  77  6:39  SCV  
  79  6:41  Hellion  
  79  6:44  Hellion  
  79  6:46  SCV, Hellion  
  86  6:51  Barracks Tech Lab, Ghost Academy  
  86  6:53  SCV  
  87  6:54  Supply Depot, SCV  
  88  7:01  SCV, Raven  
  88  7:03  Hellion  
  88  7:05  Supply Depot  
  93  7:12  SCV  
  93  7:14  SCV  
  93  7:15  Hellion  
  93  7:16  Hellion  
  83  7:24  Hellion  
  83  7:25  SCV  
  83  7:26  Ghost  
  79  7:43  SCV  
  78  7:46  Hellion x2  
  78  7:50  Hellion  
  78  7:52  Raven  
  78  7:53  SCV  
  78  7:55  SCV  
  78  7:57  Supply Depot  
  78  8:00  Supply Depot  
  78  8:12  Supply Depot  
  78  8:13  Supply Depot  
  78  8:18  Ghost  
  78  8:19  SCV x2, Hellion x2  
  86  8:22  Hellion  
  86  8:27  Raven  
  90  8:37  Command Center  
  90  8:40  Hellion x2, Factory  
  94  8:41  Factory  
  94  8:42  Factory  
  94  8:44  Hellion  
  96  9:01  Raven, Supply Depot  
  96  9:02  Hellion, Ghost  
  100  9:05  Command Center  
  102  9:11  Hellion  
  102  9:12  Hellion  
  94  9:23  Hellion  
  95  9:31  Ghost  
  95  9:33  Hellion  
  95  9:34  Hellion  
  95  9:35  Raven  
  95  9:36  Hellion  
  95  9:37  Hellion x2  
  97  9:44  Hellion  
  95  9:54  Hellion  
  95  9:56  Hellion  
  94  10:01  Hellion  
Tags
 
Add a new tag
Caveats
  • Supply blocks, unpowered buildings, or Contaminate may cause inaccurate times.
  • Supply counts are checked every 10 seconds.